 Dungeon Crawl Stone Soup version 0.32-a0-986-ga09f62fbf4 (webtiles) character file.

Game seed: 11554934660848987134

156599 D0namaru the Brawler (level 17, -7/129 HPs)
             Began as a Tengu Gladiator on Apr 21, 2024.
             Was a High Priest of Okawaru.
             Killed from afar by a thorn hunter (28 damage)
             ... with a volley of thorns
             ... on level 4 of the Swamp.
             The game lasted 00:43:21 (26080 turns).

D0namaru the Brawler (Tengu Gladiator)             Turns: 26080, Time: 00:43:22

Health: -7/129     AC: 38    Str: 22    XL:     17   Next: 67%
Magic:  19/19      EV: 17    Int: 12    God:    Okawaru [*****.]
Gold:   3848       SH:  0    Dex: 16    Spells: 16/16 levels left

rFire   + .          .
                       - Unarmed
rCold   . . .        (no shield)
rNeg    . . .        T - +8 orange crystal plate armour {Archmagi, Int+3 Clar}
rPois   .            b - +2 hat
rElec   .            s - +2 cloak
rCorr   .            x - +0 pair of gloves
SInv    +            (boots unavailable)
Will    +....        R - amulet of regeneration Stlth
                     X - +5 ring of evasion
HPRegen 1.21/turn    F - ring of protection from fire
MPRegen 0.16/turn

%: acrobat, clarity, archmagi
@: flying
A: beak, talons 3, evasive flight, acrobatic, see invisible, low MP 1, robust 1
a: Renounce Religion, Heroism, Finesse, Duel


You were on level 4 of the Swamp.
You worshipped Okawaru.
Okawaru was extremely pleased with you.
You visited 6 branches of the dungeon, and saw 28 of its levels.
You also visited: Bailey.

You collected 3953 gold pieces.
You spent 105 gold pieces at shops.

Inventory:

Missiles
 c - 2 throwing nets {=f}
 o - 3 silver javelins
 O - 17 javelins (quivered)
 Q - 118 stones
Armour
 b - a +2 hat (worn)
 s - a +2 cloak (worn)
 x - a +0 pair of gloves (worn)
 T - the +8 orange crystal plate armour (worn) {Archmagi, Int+3 Clar}
   (Okawaru gifted it to you on level 3 of the Lair of Beasts)

   Int+3:     It affects your intelligence (+3).
   Clar:      It protects you from confusion, rage, mesmerisation and fear.
Jewellery
 F - a ring of protection from fire (right hand)
 I - a ring of protection from cold
 R - an amulet of regeneration (around neck)
 V - the ring "Ockua" {rC+ Int+4}
   (You found it in a bailey)

   [ring of protection from cold]

   Int+4:     It affects your intelligence (+4).
   rC+:       It protects you from cold.
 X - a +5 ring of evasion (left hand)
Talismans
 y - a beast talisman
Wands
 k - a wand of flame (8)
 q - a wand of quicksilver (6)
 D - a wand of digging (15)
 E - a wand of mindburst (11)
 G - a wand of roots (26)
 J - a wand of polymorph (11)
Scrolls
 e - a scroll of fear
 f - a scroll of fog
 g - a scroll of enchant armour
 i - 12 scrolls of identify
 p - a scroll of silence
 v - 5 scrolls of revelation
 B - 3 scrolls of blinking {!r}
 C - 2 scrolls of amnesia
 U - 3 scrolls of immolation {!r}
 W - a scroll of poison {!r}
Potions
 a - a potion of lignification {!q}
 d - 3 potions of haste
 h - 5 potions of curing
 j - 3 potions of resistance
 l - 4 potions of brilliance
 m - 3 potions of invisibility
 n - 6 potions of enlightenment
 r - 6 potions of heal wounds
 u - 3 potions of attraction {!q}
 w - 9 potions of ambrosia
 z - 4 potions of magic
 A - 6 potions of might
 K - 4 potions of mutation {!q}
 P - 2 potions of berserk rage {!q}
Miscellaneous
 M - a tin of tremorstones (2/2)
 N - a Gell's gravitambourine (2/2)


   Skills:
 - Level 17.5 Fighting
 - Level 5.4 Throwing
 + Level 14.9 Armour
 + Level 12.6 Dodging
 - Level 19.1 Unarmed Combat
 - Level 4.0 Invocations
 + Level 5.9 Shapeshifting


You had 16 spell levels left.
You didn't know any spells.
Your spell library contained the following spells:

 Spells                   Type           Power      Damage    Failure   Level
 Apportation              Tloc           0%         N/A       100%        1
 Foxfire                  Conj/Fire      0%         2x1d4     100%        1
 Necrotise                Necr           0%         1d4       100%        1
 Sting                    Conj/Alch      0%         1d3       100%        1
 Ensorcelled Hibernation  Hex/Ice        0%         N/A       100%        2
 Scorch                   Fire           0%         2d5       100%        2
 Dazzling Flash           Conj/Hex       0%         N/A       100%        3
 Fugue of the Fallen      Necr           0%         N/A       100%        3
 Inner Flame              Hex/Fire       0%         N/A       100%        3
 Maxwell's Portable Pile  Tloc           0%         2d(5-13)  100%        3
 Stone Arrow              Conj/Erth      0%         3d7       100%        3
 Vampiric Draining        Necr           0%         2d6       100%        3
 Anguish                  Hex/Necr       0%         N/A       100%        4
 Flame Wave               Conj/Fire      0%         2d4       100%        4
 Sticky Flame             Fire/Alch      0%         2d4       100%        4
 Arcjolt                  Conj/Air       0%         1d10      100%        5
 Curse of Agony           Necr           0%         N/A       100%        5
 Plasma Beam              Fire/Air       0%         2x1d10    100%        6
 Starburst                Conj/Fire      0%         6d3       100%        6
 Magnavolt                Erth/Air       0%         3d9       100%        7
 Fulsome Fusillade        Conj/Alch      0%         (3-5)d4   100%        8
 Lehudib's Crystal Spear  Conj/Erth      0%         10d2      100%        8
 Maxwell's Capacitive Co  Air            0%         ∞         100%        8
 Summon Small Mammal      Summ           Unusable   N/A       N/A         1
 Animate Armour           Summ/Erth      Unusable   N/A       N/A         4
 Animate Dead             Necr           Unusable   N/A       N/A         4
 Martyr's Knell           Necr/Summ      Unusable   N/A       N/A         4
 Summon Lightning Spire   Summ/Air       Unusable   N/A       N/A         4
 Summon Cactus Giant      Summ           Unusable   N/A       N/A         6
 Haunt                    Necr/Summ      Unusable   N/A       N/A         7
 Seismic Cannonade        Alch/Erth      Unusable   6d4       N/A         7
 Infestation              Necr           Unusable   N/A       N/A         8

Dungeon Overview and Level Annotations

Branches:
Dungeon (15/15)            Temple (1/1) D:6            Lair (5/5) D:11
  Swamp (4/4) Lair:2       Spider (1/4) Lair:3        Slime (0/5) Lair:5
    Orc (2/2) D:12            Elf (0/3) Orc:2        Vaults (0/5) D:13
 Depths (0/4) D:15         Bailey (visited)

Altars:
Ashenzari
Cheibriados
Dithmenos
Elyvilon
Fedhas
Gozag
Hepliaklqana
Kikubaaqudgha
Makhleb
Nemelex Xobeh
Okawaru
Qazlal
Ru
Sif Muna
Trog
Uskayaw
Vehumet
Wu Jian
Xom
Yredelemnul
Zin
The Shining One
Beogh
Jiyva

Shops:
D:11 [   Orc:2 ?((?*

Annotations:
D:8 3 runed translucent doors


Innate Abilities, Weirdness & Mutations

You have a beak for a mouth.
You have claws for feet.
Your magical flight helps you evade attacks. (EV +4)
You can magically evade attacks while moving or waiting.
You have supernaturally acute eyesight. (SInv)
Your magical capacity is low. (-10% MP)
You are robust. (+10% HP)


Message History

You hit the fenstrider witch but do no damage.
You claw the fenstrider witch.
You feel sick.
You barely miss the fenstrider witch. You claw the fenstrider witch!
You peck the fenstrider witch.
The fenstrider witch hits you but does no damage.
The fenstrider witch kicks you.
You take 4 damage, and have 84/129 hp.
You closely miss the fenstrider witch. You claw the fenstrider witch.
You feel sick.
The fenstrider witch points at you and mumbles some strange words.
Your body is wracked with pain!
You take 41 damage, and have 43/129 hp.
MASSIVE DAMAGE!!
You pummel the fenstrider witch!! You claw the fenstrider witch.
You feel sick. The fenstrider witch hits you.
The fenstrider witch kicks you but does no damage.
You take 7 damage, and have 36/129 hp.
You pummel the fenstrider witch!!
The fenstrider witch points at you and mumbles some strange words.
Your body is wracked with pain!
* * * LOW HITPOINT WARNING * * *
You take 16 damage, and have 20/129 hp.
Unknown command.
You pummel the fenstrider witch!!
You kill the fenstrider witch!
Okawaru is honoured by your kill.
A fenstrider witch bone magically twists into a wand of roots (8).
You feel sick.
You pummel the thorn hunter!!
You peck the thorn hunter, but do no damage.
You feel sick.
You are no longer poisoned.
The briar patch crumbles away.
The thorn hunter fires a volley of thorns at you.
The volley of thorns hits you but does no damage.
You pummel the thorn hunter!! You claw the thorn hunter.
You punch the thorn hunter, but do no damage.
The thorn hunter fires a volley of thorns at you.
The volley of thorns hits you!!
You die...

~..~....♣~.(.~.~~~~.....~...♣♣♣♣♣
~§.~.....~.♣..~..♣♣♣♣♣♣♣÷.~~.♣♣♣
..~.....~..♣♣♣~.♣♣ ♣♣~~~~~.~♣
.~.~)~..♣~♣♣ ♣♣♣♣ ♣.~~~~~~.♣
.~.....######### ♣♣♣...~~~~.♣
~~..♣###.~.♣.~.## ♣~....~~~~~♣♣
.~.###♣§~.♣♣♣~.~♣###♣♣.~~~~~~.[~♣
~~##§~~~~~~♣~...§~~##...~~~~~~.~♣
.##.##~~).~♣~...@##.##~~.~~~~~§.♣
##.~#∩##♣~~♣[~♣##f#~~##♣.~~~~~.~♣
#♣~.~#~##~~♣~~##~#~.~♣#~~~~~÷..♣♣
#..~.#~.##♣~♣##..#~~§~##..÷÷...♣♣
♣~~~~##~.##♣##PP##~.~~♣#~..~~~♣♣♣
)~..~♣#~~~♣ ♣HPP#♣~..~~#.~~~).<..
..~~~~##♣~..f.♣##.~~§~.~#~§~§~~~~
~.♣.~~.# .~.~. #....~♣..#~~~~~~~~
~~~~..## ~~.. ##~.~~~~.#~.......


You could see a thorn hunter.

Levels and vault maps discovered:
D:1:      beargit_arrival_diablo_church, layout_basic
D:2:      layout_loops_ring
D:3:      layout_basic, mainiacjoe_overflow_chevrons,
          mainiacjoe_overflow_catwalk, mainiacjoe_overflow_brackets,
          fedhas_altar_3, kennysheep_donut
D:4:      layout_loops_cross, nicolae_overflow_crystal_walls,
          serial_co_window_serial, co_window_paths_a, co_window_paths_a,
          co_window_paths_b, co_window_paths_b, co_window_of_opportunity_a,
          co_window_paths_a, co_window_corner_a, co_window_cross_1,
          co_window_corner_a, co_window_paths_c, co_window_broadway_b,
          co_window_unsneaky_path_d, co_window_of_opportunity_b,
          co_window_unsneaky_path_c, co_window_paths_e, glass_columns_a,
          glass_columns_a, glass_columns_c, glass_columns_b, glass_columns_a,
          st_stairs_4, minmay_bent
D:5:      layout_rooms, uniq_crazy_yiuf_cottage
D:6:      layout_loops_ring, mainiacjoe_overflow_boulevard, elyvilon_altar_3
D:7:      layout_loops_ring, nemelex_dance_club_becter,
          mainiacjoe_overflow_24_doors, amcnicky_altar_gilded,
          lightli_bailey_entry_fortress, chequers_hall_statues_corner_a
D:8:      layout_rooms, mainiacjoe_overflow_cross_hatched, minitemple,
          ploomutoo_gammafunk_ghost_potion_laboratory
D:9:      layout_roguey [special_room_bee], nicolae_tso_swordbearing_angel,
          nicolae_wu_jian_immortal_techniques, minmay_fractal_squares_5
D:10:     layout_stronghold
D:11:     layout_stronghold, david_lair_generic, serial_shops, shop,
          chequers_serial_rivers_micro_a, billiards_dpeg
D:12:     layout_layer_cave, orc_0_dummy
D:13:     layout_loops_ring, hangedman_vaults_entry_quadrant_bands, zin_statuary
D:14:     layout_grid_maze, chequers_serial_rivers_micro_d, nicolae_letterblocks
          [nicolae_letter_subblock, nicolae_letter_subblock,
          nicolae_letter_subblock, nicolae_letter_subblock,
          nicolae_letter_subblock, nicolae_letter_subblock,
          nicolae_letter_subblock, nicolae_letter_subblock,
          nicolae_letter_subblock, nicolae_letter_subblock,
          nicolae_letter_subblock, nicolae_letter_subblock,
          nicolae_letter_subblock, nicolae_letter_subblock,
          nicolae_letter_subblock, nicolae_letter_subblock,
          nicolae_letter_subblock, nicolae_letter_subblock,
          nicolae_letter_subblock, nicolae_letter_subblock,
          nicolae_letter_subblock, nicolae_letter_subblock,
          nicolae_letter_subblock, nicolae_letter_subblock,
          nicolae_letter_subblock]
D:15:     grunt_enter_depths_giant_problem, layout_irregular_city,
          minmay_misc_feat_square, serial_column_ruins, column_ruins_grid_1,
          column_ruins_grid_1, column_ruins_corridor_dead_end,
          column_ruins_grid_1, column_ruins_columns_straight,
          column_ruins_columns_straight, column_ruins_grid_2
Temple:   hellmonk_temple_two_chambers
Lair:1:   layout_misc_corridors, serial_bayou_shore_a
Lair:2:   layout_roguey, minmay_swamp_entry_wisps, beast_lair_carwin_4,
          grunt_megastairs_4
Lair:3:   layout_regular_city, nicolae_spider_entry_lesser_pyramids,
          basic_altar, uniq_nessos
Lair:4:   minmay_lair_oklob_chamber, layout_loops_ring
Lair:5:   guppyfry_lair_end_dragon, layout_big_grid, hangedman_lair_in_review,
          dpeg_slime_entry_enclosed, serial_bayou_shore_b
Swamp:1:  layout_basic_swamp, evilmike_swamp_ruin_rubble_1
Swamp:2:  nicolae_swamp_flooded_prison, layout_basic_swamp,
          evilmike_swamp_ruin_house_5
Swamp:3:  layout_falls_marsh, serial_swamp_ruin, evilmike_swamp_ruin_house_6,
          hangedman_swamp_ruin_wall, hangedman_swamp_ruin_hall, swamp_pool_1_2,
          nicolae_swamp_big_swirl, infiniplex_staircase_pool_2
Swamp:4:  nzn_swamp_witches_coven, layout_basic_swamp
Spider:1: layout_spider_delve, drop_trap, hellmonk_deceptive_appearances
Orc:1:    layout_caves
Orc:2:    st_orc_elflike, layout_diamond_mine, serial_shops, shop, mines1_david

Notes
Turn   | Place    | Note
-------+----------+-------------------------------------------
     0 | D:1      | D0namaru the Tengu Gladiator began the quest for the Orb.
     0 | D:1      | Reached XP level 1. HP: 12/12 MP: 2/2
    45 | D:1      | Identified a +0 club
   217 | D:1      | Reached XP level 2. HP: 17/18 MP: 3/3
   248 | D:1      | Identified a +0 club
   287 | D:1      | Identified a ring of protection from fire
   385 | D:1      | Reached XP level 3. HP: 22/22 MP: 4/4
   388 | D:1      | Reached skill level 4 in Unarmed Combat
   705 | D:1      | Identified an amulet of guardian spirit
   723 | D:1      | Identified a +1 short sword of venom
   819 | D:1      | Identified a +0 ring mail
   880 | D:2      | Identified a +0 dagger
   962 | D:2      | Identified an amulet of regeneration
  1000 | D:2      | Identified a +0 sling
  1000 | D:2      | Identified a +0 whip
  1063 | D:2      | Identified a +0 whip
  1087 | D:2      | Reached skill level 3 in Fighting
  1102 | D:2      | Identified the +5 dagger of Tender Mercy {flame, rF+ rC+
                  | rN+ Int-2}
  1305 | D:2      | Identified a +0 club
  1446 | D:2      | Identified a +0 club
  1501 | D:2      | Identified a +0 scale mail
  1558 | D:3      | Identified a +0 club
  1568 | D:3      | Identified a +0 dagger
  1648 | D:3      | Reached XP level 4. HP: 28/28 MP: 5/5
  1682 | D:3      | Identified a ring of flight
  1702 | D:3      | Found a blossoming altar of Fedhas.
  1718 | D:3      | Found a broken altar of Ashenzari.
  1718 | D:3      | Identified a +0 short sword
  1718 | D:3      | Identified a +0 chain mail
  1718 | D:3      | Identified a +0 club
  1718 | D:3      | Identified a +0 leather armour
  1719 | D:3      | Identified a +0 dagger
  1719 | D:3      | Identified a +0 robe
  1758 | D:3      | Identified a +0 dagger
  1837 | D:3      | Reached XP level 5. HP: 30/33 MP: 6/6
  1859 | D:3      | Identified a +0 whip
  1883 | D:3      | Found an iron altar of Okawaru.
  1958 | D:3      | Found a snail-covered altar of Cheibriados.
  2002 | D:3      | Identified a +0 dagger
  2072 | D:3      | Reached skill level 5 in Unarmed Combat
  2264 | D:4      | Identified a +0 dagger
  2265 | D:4      | Identified a +0 club
  2271 | D:4      | Reached skill level 4 in Fighting
  2279 | D:4      | Identified a +0 antimagic hand axe
  2299 | D:4      | Reached XP level 6. HP: 38/39 MP: 7/7
  2330 | D:4      | Identified a +0 cloak
  2399 | D:4      | Identified a +0 short sword
  2433 | D:4      | Identified a +0 short sword
  2439 | D:4      | Found an opulent altar of Gozag.
  2505 | D:4      | Identified a +0 mace
  2716 | D:4      | Identified a +0 short sword
  2718 | D:4      | Identified a +0 dagger
  2922 | D:4      | Identified a +0 whip
  3109 | D:4      | Identified a +0 dagger
  3334 | D:5      | Entered Level 5 of the Dungeon
  3368 | D:5      | Identified a +0 trident
  3410 | D:5      | Reached skill level 5 in Fighting
  3410 | D:5      | Reached skill level 6 in Unarmed Combat
  3470 | D:5      | Identified a +0 hammer
  3474 | D:5      | Found a runed translucent door.
  3475 | D:5      | Identified a +4 quarterstaff of chaos
  3475 | D:5      | Identified a +0 cloak
  3475 | D:5      | Noticed Crazy Yiuf
  3543 | D:5      | Killed Crazy Yiuf
  3619 | D:5      | Identified a +0 flail
  3741 | D:5      | Identified a +0 dagger
  3741 | D:5      | Identified a +0 leather armour
  3769 | D:5      | Gained mutation: Your magical flight helps you evade
                  | attacks. (EV +4) [Tengu growth]
  3769 | D:5      | Reached XP level 7. HP: 37/44 MP: 8/8
  3783 | D:5      | Identified a +2 leather armour of cold resistance
  3860 | D:5      | Identified a +0 pair of gloves
  3908 | D:5      | Identified a +0 mace
  3952 | D:5      | Identified a +0 mace
  4010 | D:6      | Found a staircase to the Ecumenical Temple.
  4013 | D:6      | Found a sacrificial altar of Ru.
  4018 | Temple   | Entered the Ecumenical Temple
  4142 | D:6      | Found a white marble altar of Elyvilon.
  4146 | D:6      | Identified a +0 spear
  4147 | D:6      | Noticed a steam dragon
  4163 | D:6      | Killed a steam dragon
  4171 | D:6      | Identified a +0 whip
  4171 | D:6      | Identified a +0 leather armour
  4173 | D:6      | Identified a +0 giant club
  4180 | D:6      | Reached skill level 6 in Fighting
  4180 | D:6      | Reached skill level 7 in Unarmed Combat
  4205 | D:6      | Identified a +0 sling
  4216 | D:6      | Identified a +0 leather armour
  4323 | D:6      | Identified a +0 whip
  4323 | D:6      | Identified a +0 short sword
  4323 | D:6      | Identified a +0 dagger
  4362 | D:6      | Reached XP level 8. HP: 52/52 MP: 9/9
  4381 | D:6      | Identified a +0 orcbow
  4560 | D:6      | Identified a +0 falchion
  4735 | D:7      | Identified 10 scrolls of identify
  4735 | D:7      | Identified a potion of resistance
  4736 | D:7      | Identified 2 potions of haste
  4737 | D:7      | Identified 4 potions of curing
  4738 | D:7      | Identified a potion of degeneration
  4739 | D:7      | Identified a potion of attraction
  4741 | D:7      | Identified 2 potions of brilliance
  4742 | D:7      | Identified a potion of enlightenment
  4743 | D:7      | Identified a potion of ambrosia
  4744 | D:7      | Identified a potion of magic
  4745 | D:7      | Identified 2 potions of might
  4746 | D:7      | Identified 2 scrolls of enchant weapon
  4747 | D:7      | Identified 2 scrolls of brand weapon
  4748 | D:7      | Identified 3 scrolls of enchant armour
  4749 | D:7      | Identified 3 scrolls of blinking
  4750 | D:7      | Identified a scroll of teleportation
  4753 | D:7      | Identified a +0 giant spiked club
  4754 | D:7      | Identified a scroll of fear
  4756 | D:7      | Identified a scroll of fog
  4757 | D:7      | Identified a scroll of noise
  4758 | D:7      | Identified a scroll of torment
  4759 | D:7      | Identified a scroll of amnesia
  4760 | D:7      | Identified a scroll of acquirement
  4760 | D:7      | Acquired 1078 gold pieces
  4772 | D:7      | Identified a +0 club
  4772 | D:7      | Identified a +0 leather armour
  4773 | D:7      | Identified a +0 dagger
  4773 | D:7      | Identified a +0 hand axe
  4773 | D:7      | Identified a +0 leather armour
  4774 | D:7      | Identified a +0 mace
  4774 | D:7      | Identified a +0 chain mail
  4791 | D:7      | Reached skill level 7 in Fighting
  4791 | D:7      | Reached skill level 8 in Unarmed Combat
  4824 | D:7      | Identified a +0 broad axe
  4824 | D:7      | Identified a +0 plate armour
  4824 | D:7      | Identified a +0 short sword
  4825 | D:7      | Identified a +0 flail
  4825 | D:7      | Identified a +0 leather armour
  4827 | D:7      | Identified a +0 dagger
  4827 | D:7      | Identified a +0 robe
  4829 | D:7      | Identified a +0 dagger
  4878 | D:7      | Identified a +0 short sword
  4881 | D:7      | Identified a +0 dagger
  4882 | D:7      | Identified a +0 club
  4886 | D:7      | Identified a +0 dagger
  4886 | D:7      | Identified a +0 short sword of holy wrath
  4893 | D:7      | Identified a +0 dagger
  4915 | D:7      | Identified a scroll of vulnerability
  4916 | D:7      | Identified a +0 giant club
  4917 | D:7      | Found a sparkling altar of Nemelex Xobeh.
  4924 | D:7      | Reached skill level 9 in Unarmed Combat
  4961 | D:7      | Identified a +0 spear
  4967 | D:7      | Found a stormy altar of Qazlal.
  4985 | D:7      | Identified a +0 spear
  4986 | D:7      | Found a flagged portal.
  4986 | D:7      | Identified a +0 spear
  4987 | D:7      | Identified a +0 spear
  5000 | Bailey   | Entered a bailey
  5068 | Bailey   | Reached skill level 8 in Fighting
  5070 | Bailey   | Reached XP level 9. HP: 59/59 MP: 10/10
  5293 | Bailey   | Identified a +0 mace
  5293 | Bailey   | Noticed a gargoyle
  5307 | Bailey   | Killed a gargoyle
  5308 | Bailey   | Reached skill level 9 in Fighting
  5308 | Bailey   | Reached skill level 10 in Unarmed Combat
  5365 | Bailey   | Identified a +1 vampiric halberd
  5365 | Bailey   | Identified a +0 scale mail
  5471 | Bailey   | Identified the ring "Ockua" {rC+ Int+4}
  5522 | Bailey   | Identified a +3 leather armour of cold resistance
  5530 | Bailey   | Identified the +6 chain mail of the Meadowlark {rN++}
  5532 | Bailey   | Identified a +4 scale mail of cold resistance
  5628 | D:7      | Identified a +0 spear
  5657 | D:7      | Identified a +0 spear
  5669 | D:7      | Identified a +0 spear
  5671 | D:7      | Identified a +0 spear
  5680 | D:7      | Identified a +0 spear
  5692 | D:7      | Identified a +0 dagger
  5692 | D:7      | Identified a +0 robe
  5694 | D:7      | Identified a +0 whip
  5695 | D:7      | Identified a +0 spear
  5696 | D:7      | Identified a +0 trident
  5696 | D:7      | Identified a +0 plate armour
  5804 | D:7      | Identified a +0 spear
  5804 | D:7      | Identified a +0 plate armour
  5807 | D:7      | Identified a +0 spear
  5822 | D:7      | Found a shimmering altar of Xom.
  5841 | D:7      | Identified a +0 club
  5955 | D:7      | Identified a +0 flail
  5955 | D:7      | Identified a +0 leather armour
  5956 | D:7      | Identified a +0 dagger
  5956 | D:7      | Identified a +0 robe
  5956 | D:7      | Identified a +0 short sword
  5956 | D:7      | Identified a +0 club
  5956 | D:7      | Identified a +0 chain mail
  5957 | D:7      | Identified a +0 dagger
  5957 | D:7      | Identified a +0 robe
  6026 | D:7      | Identified a +0 shortbow
  6072 | D:7      | Identified a +2 heavy hand axe
  6232 | D:8      | Identified a +0 spear
  6234 | D:8      | Identified a +0 club
  6234 | D:8      | Identified a +0 robe
  6235 | D:8      | Identified a +0 whip
  6236 | D:8      | Identified a +0 flail
  6236 | D:8      | Identified a +1 morningstar of holy wrath
  6236 | D:8      | Identified a +0 leather armour
  6237 | D:8      | Identified a +0 dagger
  6237 | D:8      | Identified a +0 robe
  6239 | D:8      | Identified a +0 club
  6254 | D:8      | Identified a +0 hand axe
  6340 | D:8      | Reached skill level 11 in Unarmed Combat
  6341 | D:8      | Identified a +3 war axe
  6341 | D:8      | Identified a +0 robe
  6342 | D:8      | Identified a +3 great sword
  6342 | D:8      | Identified a +0 robe
  6343 | D:8      | Identified a +3 short sword of freezing
  6343 | D:8      | Identified a +0 robe
  6351 | D:8      | Reached skill level 10 in Fighting
  6351 | D:8      | Reached XP level 10. HP: 67/68 MP: 11/11
  6353 | D:8      | Identified a +0 hand axe
  6353 | D:8      | Identified a +0 robe
  6358 | D:8      | Identified a +4 short sword
  6358 | D:8      | Identified a +0 robe
  6371 | D:8      | Identified a +0 short sword
  6371 | D:8      | Identified a +0 leather armour
  6372 | D:8      | Found a shimmering blue altar of Sif Muna.
  6372 | D:8      | Identified a +0 mace
  6372 | D:8      | Identified a +0 mace
  6372 | D:8      | Identified a +0 leather armour
  6373 | D:8      | Identified a +0 club
  6377 | D:8      | Identified a +0 club
  6377 | D:8      | Identified a +0 leather armour
  6408 | D:8      | Identified a +0 scimitar
  6444 | D:8      | Identified the ring of the Shining Light {Wiz rN+ Will+
                  | Str-4 Int+3}
  6458 | D:8      | Identified a +0 dagger
  6458 | D:8      | Identified a +0 robe
  6458 | D:8      | Identified a +0 flail
  6459 | D:8      | Identified a +0 scimitar
  6459 | D:8      | Identified a +0 chain mail
  6558 | D:8      | Identified a +0 club
  6577 | D:8      | Found a runed translucent gate.
  6578 | D:8      | Found a runed translucent gate.
  6578 | D:8      | Found a runed translucent gate.
  6579 | D:8      | Noticed a purple ugly thing
  6579 | D:8      | Noticed a glowing orange brain
  6579 | D:8      | Noticed a purple ugly thing
  6579 | D:8      | Noticed a green ugly thing
  6580 | D:8      | Noticed a cyan ugly thing
  6609 | D:8      | Found an ancient bone altar of Kikubaaqudgha.
  6615 | D:8      | Found a burning altar of Makhleb.
  6621 | D:8      | Found a hazy altar of Hepliaklqana.
  6967 | D:3      | Became a worshipper of Warmaster Okawaru
  7158 | D:8      | Identified a potion of lignification
  7159 | D:8      | Identified 2 potions of invisibility
  7160 | D:8      | Identified 2 potions of heal wounds
  7221 | D:9      | Identified a +0 shortbow
  7235 | D:9      | Identified a +0 whip
  7235 | D:9      | Identified a +0 whip
  7235 | D:9      | Identified a +0 short sword
  7235 | D:9      | Identified a +0 dagger
  7235 | D:9      | Identified a +0 club
  7242 | D:9      | Identified a +0 whip
  7248 | D:9      | Reached skill level 12 in Unarmed Combat
  7359 | D:9      | Identified a +0 shortbow
  7360 | D:9      | Identified a +4 dagger
  7360 | D:9      | Identified a +0 robe
  7360 | D:9      | Identified a +0 whip
  7380 | D:9      | Reached skill level 1 in Armour
  7386 | D:9      | Reached skill level 2 in Armour
  7386 | D:9      | Reached skill level 4 in Dodging
  7411 | D:9      | Identified a +5 ring of evasion
  7460 | D:9      | Reached * piety under Okawaru
  7477 | D:9      | Reached skill level 3 in Armour
  7494 | D:9      | Reached skill level 3 in Throwing
  7500 | D:9      | Reached skill level 5 in Dodging
  7511 | D:9      | Reached ** piety under Okawaru
  7512 | D:9      | Reached skill level 4 in Armour
  7535 | D:9      | Reached XP level 11. HP: 55/73 MP: 12/12
  7553 | D:9      | Reached skill level 6 in Dodging
  7571 | D:9      | Reached skill level 5 in Armour
  7672 | D:9      | Found an ornate altar of the Wu Jian Council.
  7780 | D:9      | Noticed a red ugly thing
  7789 | D:9      | HP: 10/73 [red ugly thing (20)]
  7955 | D:9      | Killed a red ugly thing
  7956 | D:9      | Reached skill level 4 in Throwing
  7994 | D:9      | Identified a +0 dagger
  8070 | D:9      | Found a glowing golden altar of the Shining One.
  8189 | D:10     | Entered Level 10 of the Dungeon
  8328 | D:10     | Identified a +0 spear
  8328 | D:10     | Identified a +0 robe
  8329 | D:10     | Identified a +3 hand axe of freezing
  8329 | D:10     | Identified a +0 robe
  8329 | D:10     | Identified a +0 spear
  8329 | D:10     | Identified a +0 robe
  8374 | D:10     | Identified a +4 spear
  8374 | D:10     | Identified a +0 robe
  8383 | D:10     | Identified a +3 flail
  8383 | D:10     | Identified a +0 robe
  8387 | D:10     | Reached *** piety under Okawaru
  8567 | D:10     | Reached skill level 7 in Dodging
  8734 | D:10     | Identified a +0 club
  8734 | D:10     | Identified a +0 whip
  8735 | D:10     | Identified a +0 spear
  8735 | D:10     | Identified a +0 whip
  8736 | D:10     | Identified a +0 club
  8736 | D:10     | Identified a +0 robe
  8897 | D:11     | Identified a +0 whip
  8912 | D:11     | Reached skill level 6 in Armour
  8959 | D:11     | Found Cora's Antique Armour Boutique.
  8965 | D:11     | Identified a +0 shortbow
  8965 | D:11     | Noticed a centaur warrior
  8976 | D:11     | Killed a centaur warrior
  9012 | D:11     | Identified a +0 hand axe
  9012 | D:11     | Identified a +0 dagger
  9012 | D:11     | Identified a +0 robe
  9013 | D:11     | Identified a +0 battleaxe
  9013 | D:11     | Identified a +0 plate armour
  9013 | D:11     | Identified a +0 mace
  9108 | D:11     | Identified a +0 plate armour
  9161 | D:11     | Identified a +1 hand axe of flaming
  9161 | D:11     | Identified a +0 leather armour
  9161 | D:11     | Identified a +0 battleaxe
  9161 | D:11     | Identified a +0 plate armour
  9162 | D:11     | Identified a +0 flail
  9163 | D:11     | Identified a +0 short sword
  9163 | D:11     | Identified a +0 ring mail
  9165 | D:11     | Reached **** piety under Okawaru
  9187 | D:11     | Identified a +0 giant club
  9187 | D:11     | Identified a +0 giant club
  9187 | D:11     | Noticed a two-headed ogre
  9194 | D:11     | Killed a two-headed ogre
  9195 | D:11     | Reached skill level 5 in Throwing
  9195 | D:11     | Reached skill level 7 in Armour
  9195 | D:11     | Reached skill level 8 in Dodging
  9281 | D:11     | Identified a +0 short sword
  9281 | D:11     | Identified a +0 dagger
  9282 | D:11     | Identified a +0 dagger
  9284 | D:11     | Identified a +0 club
  9287 | D:11     | Identified a +0 short sword
  9339 | D:11     | Identified a +0 dagger
  9339 | D:11     | Identified a +0 robe
  9339 | D:11     | Identified a +0 rapier
  9339 | D:11     | Identified a +0 leather armour
  9339 | D:11     | Noticed a deep elf pyromancer
  9339 | D:11     | Identified a +0 dagger
  9339 | D:11     | Identified a +0 robe
  9382 | D:11     | Killed a deep elf pyromancer
  9429 | D:11     | Reached skill level 8 in Armour
  9434 | D:11     | Found a staircase to the Lair.
  9453 | D:11     | Reached XP level 12. HP: 79/79 MP: 13/13
  9456 | D:11     | Reached skill level 9 in Dodging
  9529 | D:11     | Identified a scroll of revelation
  9530 | D:11     | Identified a scroll of silence
  9605 | D:11     | Identified a +0 robe of positive energy
  9680 | D:11     | Identified a +0 scale mail
  9899 | D:11     | Identified a +0 chain mail
 10083 | D:12     | Identified a +0 shortbow
 10083 | D:12     | Noticed a centaur warrior
 10099 | D:12     | Killed a centaur warrior
 10199 | D:12     | Reached skill level 1 in Invocations
 10204 | D:12     | Identified a +0 heavy great mace
 10212 | D:12     | Reached skill level 9 in Armour
 10259 | D:12     | Identified a +0 leather armour
 10396 | D:12     | Identified a +0 hand axe
 10777 | D:12     | Reached ***** piety under Okawaru
 10876 | D:12     | Found a staircase to the Orcish Mines.
 11042 | D:12     | Reached skill level 10 in Dodging
 11362 | D:13     | Reached skill level 2 in Invocations
 11379 | D:13     | Found a glowing silver altar of Zin.
 11439 | D:13     | Identified a +0 dagger
 11439 | D:13     | Identified a +0 robe
 11441 | D:13     | Identified a +0 shortbow
 11441 | D:13     | Identified a +0 dagger
 11441 | D:13     | Identified a +0 robe
 11441 | D:13     | Identified a +0 short sword
 11441 | D:13     | Identified a +2 orcbow of freezing
 11441 | D:13     | Identified a +0 battleaxe
 11441 | D:13     | Identified a +0 arbalest
 11441 | D:13     | Identified a +0 chain mail
 11442 | D:13     | Identified a +0 shortbow
 11442 | D:13     | Identified a +0 short sword
 11442 | D:13     | Identified a +0 dire flail
 11442 | D:13     | Identified a +0 plate armour
 11443 | D:13     | Identified a +0 dagger
 11443 | D:13     | Identified a +0 robe
 11443 | D:13     | Identified a +0 whip
 11443 | D:13     | Identified a +0 chain mail
 11443 | D:13     | Identified a +0 dagger of speed
 11448 | D:13     | Identified a +0 club
 11451 | D:13     | Identified a +0 dagger
 11451 | D:13     | Identified a +0 robe
 11525 | D:13     | Reached skill level 11 in Fighting
 11651 | D:13     | Identified a +0 orcbow
 11651 | D:13     | Noticed a centaur warrior
 11657 | D:13     | Identified a +0 short sword
 11664 | D:13     | Killed a centaur warrior
 11673 | D:13     | Identified a +0 orcbow
 11691 | D:13     | Reached skill level 3 in Invocations
 11708 | D:13     | Identified a +0 club
 11730 | D:13     | Identified a +0 mace
 11730 | D:13     | Identified a +0 plate armour
 11732 | D:13     | Identified a +2 heavy shortbow
 11732 | D:13     | Noticed a centaur warrior
 11767 | D:13     | Received a gift from Okawaru
 11782 | D:13     | Killed a centaur warrior
 11783 | D:13     | Identified a +0 hand axe
 11846 | D:13     | Reached skill level 4 in Invocations
 11991 | D:13     | Found a gate to the Vaults.
 12033 | D:13     | Identified the +5 flail of Mayhem {drain, Str+3 Dex+3 SInv}
 12133 | D:13     | Reached skill level 13 in Unarmed Combat
 12319 | Lair:1   | Entered Level 1 of the Lair of Beasts
 12343 | Lair:1   | Reached XP level 13. HP: 80/85 MP: 17/17
 12350 | Lair:1   | Reached skill level 12 in Fighting
 12514 | Lair:1   | Received a gift from Okawaru
 12701 | Lair:1   | Identified the +0 cloak of Mesh {+Blink Str+3}
 12945 | Lair:1   | Identified a ring of see invisible
 13147 | Lair:1   | Reached skill level 14 in Unarmed Combat
 13201 | Lair:2   | Found a staircase to the Swamp.
 13338 | Lair:2   | Identified a +0 short sword
 13399 | Lair:2   | Reached skill level 13 in Fighting
 13471 | Lair:2   | Reached ****** piety under Okawaru
 13479 | Lair:2   | Received a gift from Okawaru
 13651 | Lair:2   | Identified the +3 leather armour of the Gusle {rElec rF-
                  | Regen+}
 13753 | Lair:2   | Identified a +0 ring mail
 14213 | Lair:3   | Acquired the +8 orange crystal plate armour {Archmagi,
                  | Int+3 Clar}
 14213 | Lair:3   | Received a gift from Okawaru
 14213 | Lair:3   | Found the +8 orange crystal plate armour {Archmagi, Int+3
                  | Clar}
 14283 | Lair:3   | Reached skill level 15 in Unarmed Combat
 14288 | Lair:3   | Acquired a +1 arbalest of freezing
 14288 | Lair:3   | Received a gift from Okawaru
 14295 | Lair:3   | Received a gift from Okawaru
 14379 | Lair:3   | Found a hole to the Spider Nest.
 14476 | Lair:3   | Reached XP level 14. HP: 95/95 MP: 18/18
 14570 | Lair:3   | You are sucked into a shaft and drop 2 floors!
 14570 | Lair:5   | Entered Level 5 of the Lair of Beasts
 14599 | Lair:5   | Reached skill level 14 in Fighting
 14664 | Lair:5   | Received a gift from Okawaru
 14797 | Lair:5   | Found a viscous altar of Jiyva.
 14797 | Lair:5   | Found a staircase to the Slime Pits.
 14892 | Lair:5   | Identified a +0 flail
 14895 | Lair:5   | Reached skill level 10 in Armour
 14907 | Lair:5   | Identified a +0 trident
 15207 | Lair:4   | Reached skill level 16 in Unarmed Combat
 15314 | Lair:3   | Identified a +2 quarterstaff of speed
 15373 | Lair:3   | Identified a +1 longbow of flaming
 15373 | Lair:3   | Identified a +1 barding
 15373 | Lair:3   | Noticed Nessos
 15421 | Lair:3   | Killed Nessos
 15476 | Lair:3   | Identified a +0 helmet
 15563 | Lair:3   | Found a sparkling altar of Nemelex Xobeh.
 15734 | Lair:3   | Identified a +0 trident
 16101 | Lair:4   | Identified a +0 robe
 16228 | Lair:4   | Identified the +2 leather armour of Baldness {rElec Dex+4}
 16298 | Lair:4   | Received a gift from Okawaru
 16428 | Lair:4   | Identified a +2 heavy quarterstaff
 16719 | Lair:5   | Reached skill level 15 in Fighting
 16751 | Lair:5   | HP: 21/98 [oklob plant/splash of acid (17)]
 16756 | Lair:5   | HP: 21/98 [poisoned by a cane toad]
 16957 | Lair:5   | Identified a ring of positive energy
 17072 | Lair:5   | Noticed a dire elephant
 17083 | Lair:5   | Killed a dire elephant
 17096 | Lair:5   | Reached XP level 15. HP: 73/103 MP: 12/19
 17101 | Lair:5   | Received a gift from Okawaru
 17102 | Lair:5   | Reached skill level 11 in Armour
 17152 | Lair:5   | Identified a +1 mace of protection
 17179 | Lair:5   | Reached skill level 17 in Unarmed Combat
 17344 | Lair:5   | Identified +0 acid dragon scales
 17416 | Lair:5   | Identified +0 fire dragon scales
 17516 | Lair:5   | Identified a ring of protection from cold
 17528 | Lair:5   | Identified a +0 robe
 17783 | D:14     | Identified a +0 orcbow
 17791 | D:14     | Identified a +0 war axe
 17791 | D:14     | Identified a +0 ring mail
 17791 | D:14     | Identified a +0 kite shield
 18286 | D:14     | Received a gift from Okawaru
 18512 | D:14     | Identified a +0 orcbow
 18579 | D:14     | Identified a ring of resist corrosion
 18975 | D:14     | Identified a scroll of poison
 18976 | D:14     | Identified 2 scrolls of immolation
 18977 | D:14     | Identified 3 scrolls of summoning
 18978 | D:14     | Identified 2 potions of mutation
 18979 | D:14     | Identified 2 potions of berserk rage
 18981 | D:14     | Gained mutation: Your magical capacity is low. (-10% MP)
                  | [potion of mutation]
 18981 | D:14     | Gained mutation: You are robust. (+10% HP) [potion of
                  | mutation]
 18981 | D:14     | Gained mutation: You have supernaturally acute eyesight.
                  | (SInv) [potion of mutation]
 19023 | D:15     | Entered Level 15 of the Dungeon
 19049 | D:15     | Reached skill level 16 in Fighting
 19190 | D:15     | Identified a +0 club
 19349 | D:15     | Found a staircase to the Depths.
 19349 | D:15     | Identified a +2 great sword of flaming
 19349 | D:15     | Noticed a fire giant
 19386 | D:15     | Identified a +0 dire flail
 19386 | D:15     | Identified a +0 giant club
 19387 | D:15     | Identified a +0 giant club
 19387 | D:15     | Identified a +0 giant club
 19388 | D:15     | Identified a +0 club
 19388 | D:15     | Identified a +0 robe
 19408 | D:15     | Identified a +0 giant club
 19408 | D:15     | Identified a +0 giant spiked club
 19411 | D:15     | Identified a +0 giant club
 19411 | D:15     | Identified a +0 giant club
 19414 | D:15     | Identified a +0 giant club
 19414 | D:15     | Identified a +0 giant club
 19417 | D:15     | Identified a +0 dire flail
 19417 | D:15     | Identified a +0 giant club
 19459 | D:15     | Killed a fire giant
 19459 | D:15     | Received a gift from Okawaru
 19565 | D:15     | Identified a +0 war axe
 19565 | D:15     | Identified a +0 ring mail
 19565 | D:15     | Identified a +0 buckler
 19917 | Orc:1    | Entered Level 1 of the Orcish Mines
 19917 | Orc:1    | Identified a +1 dagger of protection
 19917 | Orc:1    | Identified a +0 robe
 19917 | Orc:1    | Identified a +0 dagger
 19917 | Orc:1    | Identified a +0 robe
 19917 | Orc:1    | Identified a +0 short sword
 19917 | Orc:1    | Identified a +0 chain mail
 19917 | Orc:1    | Identified a +0 dagger
 19918 | Orc:1    | Identified a +0 battleaxe
 19918 | Orc:1    | Identified a +0 chain mail
 19946 | Orc:1    | Identified a +0 troll leather armour
 19983 | Orc:1    | Identified a +0 mace
 19984 | Orc:1    | Identified a +0 short sword
 19984 | Orc:1    | Identified a +0 hand axe
 19984 | Orc:1    | Identified a +0 leather armour
 19985 | Orc:1    | Identified a +0 club
 19985 | Orc:1    | Identified a +0 leather armour
 19985 | Orc:1    | Identified a +0 club
 20089 | Orc:2    | Entered Level 2 of the Orcish Mines
 20089 | Orc:2    | Identified a +0 whip
 20089 | Orc:2    | Identified a +0 hand axe
 20089 | Orc:2    | Identified a +0 hand axe
 20089 | Orc:2    | Identified a +0 short sword
 20089 | Orc:2    | Identified a +0 dagger
 20089 | Orc:2    | Identified a +0 robe
 20089 | Orc:2    | Identified a +0 short sword
 20089 | Orc:2    | Identified a +0 ring mail
 20089 | Orc:2    | Identified a +0 club
 20090 | Orc:2    | Identified a +0 dagger
 20090 | Orc:2    | Identified a +0 leather armour
 20091 | Orc:2    | Identified a +0 dagger
 20091 | Orc:2    | Identified a +0 robe
 20109 | Orc:2    | Identified a +0 trident
 20109 | Orc:2    | Identified a +0 orcbow
 20109 | Orc:2    | Identified a +0 plate armour
 20122 | Orc:2    | Identified a +0 club
 20124 | Orc:2    | Identified a +0 dagger
 20124 | Orc:2    | Identified a +0 chain mail
 20155 | Orc:2    | Found Veskis's Magic Scroll Shop.
 20156 | Orc:2    | Found a staircase to the Elven Halls.
 20178 | Orc:2    | Bought a scroll of enchant armour for 105 gold pieces
 20332 | Orc:2    | Found a roughly hewn altar of Beogh.
 20333 | Orc:2    | Identified a +0 arbalest
 20376 | Orc:2    | Identified a +0 short sword
 20376 | Orc:2    | Identified a +0 dagger
 20376 | Orc:2    | Identified a +0 robe
 20377 | Orc:2    | Identified a +0 club
 20377 | Orc:2    | Identified a +1 mace of protection
 20377 | Orc:2    | Identified a +0 orcbow
 20377 | Orc:2    | Identified a +0 plate armour
 20419 | Orc:2    | Reached skill level 18 in Unarmed Combat
 20506 | Orc:2    | Identified a +0 whip
 20506 | Orc:2    | Identified a +0 scale mail
 20531 | Orc:2    | Identified a +0 whip
 20531 | Orc:2    | Identified a +0 scale mail
 20531 | Orc:2    | Identified a +0 club
 20532 | Orc:2    | Identified a +0 short sword
 20532 | Orc:2    | Identified a +0 orcbow
 20532 | Orc:2    | Identified a +0 plate armour
 20533 | Orc:2    | Identified a +0 club
 20622 | Orc:2    | Identified a +0 falchion
 20622 | Orc:2    | Identified a +0 scale mail
 20622 | Orc:2    | Identified a +0 orcbow
 20625 | Orc:2    | Identified a +0 dagger
 20625 | Orc:2    | Identified a +0 robe
 20632 | Orc:2    | Identified a +0 dagger
 20632 | Orc:2    | Identified a +0 robe
 20632 | Orc:2    | Identified a +0 trident
 20632 | Orc:2    | Identified a +0 war axe
 20632 | Orc:2    | Identified a +0 chain mail
 20645 | Orc:2    | Identified a +0 halberd
 20647 | Orc:2    | Identified a +2 great sword of flaming
 20647 | Orc:2    | Identified a +0 plate armour
 20652 | Orc:2    | Identified a +0 arbalest
 20654 | Orc:2    | Identified a +0 dagger
 20654 | Orc:2    | Identified a +0 robe
 20660 | Orc:2    | Reached skill level 12 in Armour
 20662 | Orc:2    | Identified a +1 dagger of protection
 20662 | Orc:2    | Identified a +0 robe
 20667 | Orc:2    | Identified a +1 battleaxe
 20667 | Orc:2    | Identified a +0 plate armour
 20667 | Orc:2    | Identified a +0 dagger
 20667 | Orc:2    | Identified a +0 robe
 20667 | Orc:2    | Identified a +0 falchion
 20667 | Orc:2    | Identified a +0 dagger
 20667 | Orc:2    | Identified a +2 robe
 20671 | Orc:2    | Identified a +0 long sword
 20671 | Orc:2    | Identified a +0 plate armour
 20673 | Orc:2    | Found Uzuhehida's Antique Weapon Boutique.
 20676 | Orc:2    | Identified a +0 dagger
 20676 | Orc:2    | Identified a +0 robe
 20676 | Orc:2    | Identified a +0 war axe
 20676 | Orc:2    | Identified a +0 trident
 20676 | Orc:2    | Identified a +0 chain mail
 20676 | Orc:2    | Identified a +0 dagger
 20676 | Orc:2    | Identified a +0 robe
 20677 | Orc:2    | Identified a +0 dagger
 20677 | Orc:2    | Identified a +2 robe of fire resistance
 20715 | Orc:2    | Identified a +0 dagger
 20715 | Orc:2    | Identified a +0 robe
 20715 | Orc:2    | Identified a +0 falchion
 20717 | Orc:2    | Found Noocki's Antique Weapon Boutique.
 20810 | Orc:2    | Found Xiphosh's Assorted Antiques.
 20812 | Orc:2    | Found Segrokos's Magic Scroll Shoppe.
 20937 | Orc:1    | Identified a +0 orcbow
 20937 | Orc:1    | Identified a +0 dagger
 20937 | Orc:1    | Identified a +2 robe of willpower
 20938 | Orc:1    | Identified a +0 dagger
 20939 | Orc:1    | Identified a +0 club
 20939 | Orc:1    | Identified a +0 leather armour
 20939 | Orc:1    | Identified a +0 glaive
 20939 | Orc:1    | Identified a +0 chain mail
 20939 | Orc:1    | Identified a +0 dagger
 20939 | Orc:1    | Identified a +0 robe
 20939 | Orc:1    | Identified a +0 dagger
 20939 | Orc:1    | Identified a +0 robe
 20939 | Orc:1    | Identified a +0 falchion
 20940 | Orc:1    | Identified a +1 long sword of holy wrath
 20940 | Orc:1    | Identified a +0 plate armour
 20940 | Orc:1    | Identified a +0 club
 20940 | Orc:1    | Identified a +0 leather armour
 20940 | Orc:1    | Identified a +0 flail
 20940 | Orc:1    | Identified a +0 leather armour
 20966 | Orc:1    | Identified a +0 hand axe
 20966 | Orc:1    | Identified a +0 chain mail
 20969 | Orc:1    | Identified a +0 dagger
 20969 | Orc:1    | Identified a +0 dagger
 20969 | Orc:1    | Identified a +0 leather armour
 21132 | Orc:1    | Identified a +0 giant spiked club
 21450 | Swamp:1  | Entered Level 1 of the Swamp
 21502 | Spider:1 | Entered Level 1 of the Spider Nest
 21512 | Spider:1 | Reached XP level 16. HP: 99/123 MP: 18/18
 21546 | Spider:1 | Identified a +0 hand axe
 21546 | Spider:1 | Identified a +0 leather armour
 21546 | Spider:1 | Identified a +0 hand axe
 21546 | Spider:1 | Identified a +0 leather armour
 21547 | Spider:1 | Identified a +0 hand axe
 21547 | Spider:1 | Identified a +0 robe
 21781 | Lair:3   | Reached skill level 17 in Fighting
 21877 | Swamp:1  | Received a gift from Okawaru
 21926 | Swamp:1  | Identified a +0 spear
 21926 | Swamp:1  | Identified a +0 buckler
 21945 | Swamp:1  | Identified +0 swamp dragon scales
 21950 | Swamp:1  | HP: 26/123 [poison (poison gas)]
 21955 | Swamp:1  | HP: 16/123 [poison (poison gas)]
 21960 | Swamp:1  | HP: 16/123 [poison (poison gas)]
 22331 | Swamp:1  | Identified a +0 leather armour
 22391 | Swamp:1  | Identified a +0 quarterstaff
 22391 | Swamp:1  | Identified a +0 robe
 22446 | Swamp:1  | Identified +0 swamp dragon scales
 22702 | Swamp:2  | Identified a +0 chain mail
 22748 | Swamp:2  | Identified a +0 spear
 22748 | Swamp:2  | Identified a +1 heavy hand axe
 22769 | Swamp:2  | Identified a +0 heavy spear
 22769 | Swamp:2  | Identified a +0 buckler
 22773 | Swamp:2  | Reached skill level 19 in Unarmed Combat
 23102 | Swamp:2  | Received a gift from Okawaru
 23163 | Swamp:2  | Reached skill level 1 in Shapeshifting
 23193 | Swamp:2  | Identified a +0 dagger
 23193 | Swamp:2  | Identified a +0 robe
 23193 | Swamp:2  | Identified a +0 buckler
 23197 | Swamp:2  | Identified a +0 quarterstaff
 23197 | Swamp:2  | Identified a +0 robe
 23199 | Swamp:2  | Identified a +0 quarterstaff
 23199 | Swamp:2  | Identified a +0 robe
 23203 | Swamp:2  | Identified a +0 short sword
 23203 | Swamp:2  | Identified a +0 robe
 23203 | Swamp:2  | Identified a +0 buckler
 23217 | Swamp:2  | Reached skill level 13 in Armour
 23259 | Swamp:2  | Reached skill level 2 in Shapeshifting
 23315 | Swamp:2  | Identified the +3 leather armour of Sophism {rElec rPois
                  | SInv}
 23423 | Swamp:2  | Identified a +2 heavy executioner's axe
 23755 | Swamp:3  | Received a gift from Okawaru
 23764 | Swamp:3  | Reached skill level 3 in Shapeshifting
 23926 | Swamp:3  | Reached skill level 11 in Dodging
 24007 | Swamp:3  | Identified a +0 scale mail of positive energy
 24162 | Swamp:3  | Identified a +0 quarterstaff
 24162 | Swamp:3  | Identified a +0 robe of cold resistance
 24225 | Swamp:3  | Reached XP level 17. HP: 129/129 MP: 19/19
 24412 | Swamp:3  | Reached skill level 4 in Shapeshifting
 24422 | Swamp:3  | Received a gift from Okawaru
 24731 | Swamp:4  | Entered Level 4 of the Swamp
 24743 | Swamp:4  | Reached skill level 14 in Armour
 24751 | Swamp:4  | Identified a +0 dagger
 24751 | Swamp:4  | Identified a +0 robe
 24955 | Swamp:4  | Identified a +0 robe
 25229 | Swamp:4  | Identified a +0 dagger
 25229 | Swamp:4  | Identified a +0 robe
 25271 | Swamp:4  | Identified +0 swamp dragon scales
 25323 | Swamp:4  | Received a gift from Okawaru
 25360 | Swamp:4  | Reached skill level 12 in Dodging
 25378 | Swamp:4  | Identified a +0 dagger
 25378 | Swamp:4  | Identified a +0 robe
 25386 | Swamp:4  | Identified a +0 trident
 25388 | Swamp:4  | Reached skill level 5 in Shapeshifting
 25397 | Swamp:4  | Identified a +0 dagger
 25397 | Swamp:4  | Identified a +2 robe of cold resistance
 25399 | Swamp:4  | Identified a +0 dagger
 25399 | Swamp:4  | Identified a +0 robe
 25495 | Swamp:4  | Identified a +0 spear of venom
 25495 | Swamp:4  | Identified a +0 quarterstaff
 25495 | Swamp:4  | Identified a +0 robe
 25499 | Swamp:4  | Identified a +0 short sword
 25499 | Swamp:4  | Identified a +0 robe
 25522 | Swamp:4  | HP: 30/128 [spriggan druid/angry trees (7)]
 25523 | Swamp:4  | HP: 11/128 [spriggan druid/angry trees (15)]
 25523 | Swamp:4  | HP: 4/128 [spriggan rider/+0 spear of venom[a spriggan
                  | druid] (7)]
 25533 | Swamp:4  | HP: 20/128 [eleionoma/spray of wooden splinters (35)]
 25549 | Swamp:4  | HP: 32/129 [alligator (5)]
 25549 | Swamp:4  | Noticed a tentacled monstrosity
 25556 | Swamp:4  | Identified a +1 antimagic rapier
 25556 | Swamp:4  | Identified a +0 animal skin
 25562 | Swamp:4  | Killed a tentacled monstrosity
 25587 | Swamp:4  | Noticed a tentacled monstrosity
 25605 | Swamp:4  | Killed a tentacled monstrosity
 25675 | Swamp:4  | Identified a +0 dagger
 25675 | Swamp:4  | Identified a +0 robe
 25743 | Swamp:4  | Identified a +0 spear
 25743 | Swamp:4  | Identified a +0 robe
 26002 | Swamp:4  | Identified a +0 quarterstaff
 26002 | Swamp:4  | Identified a +0 robe
 26063 | Swamp:4  | Identified a +0 robe
 26077 | Swamp:4  | HP: 20/129 [??? (17)]
 26080 | Swamp:4  | Killed from afar by a thorn hunter

Table legend: (Time is in decaauts)
 A = Elapsed time spent in this place.
 B = Non-inter-level travel time spent in this place.
 C = Inter-level travel time spent in this place.
 D = Time resting spent in this place.
 E = Time spent auto-exploring this place.
 F = Levels seen in this place.
 G = Mean time per level.
                   A        B        C        D        E       F      G
               +--------+--------+--------+--------+--------+-----+--------+
         Total |  25226 |  23525 |   1701 |    775 |  17017 |  29 |  869.9 |
       Dungeon |  13756 |  12668 |   1088 |    153 |  10129 |  15 |  917.1 |
        Temple |     14 |     14 |      0 |      0 |      0 |   1 |   14.0 |
          Lair |   5426 |   4957 |    469 |    179 |   3384 |   5 | 1085.2 |
         Swamp |   4051 |   3978 |     73 |    425 |   2469 |   4 | 1012.8 |
   Spider Nest |    100 |    100 |      0 |      0 |     37 |   1 |  100.0 |
  Orcish Mines |   1344 |   1275 |     69 |     18 |    869 |   2 |  672.0 |
        Bailey |    532 |    532 |      0 |      0 |    129 |   1 |  532.0 |
               +--------+--------+--------+--------+--------+-----+--------+

Top non-repeatable levels by time:
  Lair:5: 1416 daAuts
    D:12: 1358 daAuts
    D:14: 1234 daAuts
  Lair:3: 1219 daAuts
    D:11: 1190 daAuts
     D:4: 1157 daAuts
 Swamp:3: 1122 daAuts
 Swamp:4: 1115 daAuts
 Swamp:2: 1030 daAuts
  Lair:2: 1030 daAuts
    D:13: 1026 daAuts
     D:8: 954 daAuts
  Lair:1: 922 daAuts
     D:7: 884 daAuts
     D:1: 843 daAuts

Table legend:
 A = Kills in this place as a percentage of kills in the entire game.
 B = Kills by you in this place as a percentage of kills by you in the entire game.
 C = Kills by friends in this place as a percentage of kills by friends in the entire game.
 D = Other kills in this place as a percentage of other kills in the entire game.
 E = Experience gained in this place as a percentage of experience gained in the entire game.
 F = Experience gained in this place divided by the number of levels of this place that you have seen.
                   A       B       C       D       E      F
               +-------+-------+-------+-------+-------+----------------------
         Total | 100.0 | 100.0 |   N/A | 100.0 | 100.0 | 7714.2
       Dungeon |  42.4 |  42.7 |   N/A |  14.3 |  21.8 | 3252.5
          Lair |  24.6 |  24.7 |   N/A |  14.3 |  30.2 | 13498.0
         Swamp |  17.9 |  17.5 |   N/A |  71.4 |  39.8 | 22254.2
   Spider Nest |   0.6 |   0.6 |   N/A |   0.0 |   1.1 | 2483.0
  Orcish Mines |   9.6 |   9.7 |   N/A |   0.0 |   6.4 | 7185.0
        Bailey |   4.8 |   4.8 |   N/A |   0.0 |   0.7 | 1566.0
               +-------+-------+-------+-------+-------+----------------------

Skill      XL: |  1  2  3  4  5  6  7  8  9 10 11 12 13 14 15 16 17 |
---------------+----------------------------------------------------+-----
Unarmed Combat | 4 5 6 7 9 11 12 13 15 16 18 19 | 19.1
Fighting       | 3 4 5 6 8 10 11 13 15 16 17 | 17.5
Armour         | 4 8 9 10 12 13 14 | 14.9
Dodging        | 5 8 10 11 12 | 12.6
Throwing       | 3 5 |  5.4
Invocations    | 4 |  4.0
Shapeshifting  | 3 5 |  5.9

Action                     |  1- 3 |  4- 6 |  7- 9 | 10-12 | 13-15 | 16-18 || total
---------------------------+-------+-------+-------+-------+-------+-------++-------
  Melee: Unarmed           |    86 |   114 |   328 |   596 |  1102 |   592 ||  2818
         Peck              |    16 |    11 |    76 |   149 |   285 |   151 ||   688
         Kick              |    16 |    30 |   105 |   214 |   463 |   250 ||  1078
         Punch             |     2 |     2 |     5 |    54 |   129 |    97 ||   289
  Throw: Javelin           |       |     2 |     2 |       |       |    46 ||    50
         Throwing net      |       |     2 |     2 |     1 |     3 |       ||     8
 Invoke: Heroism           |       |       |       |     8 |    14 |    13 ||    35
         Receive Weapon    |       |       |       |       |     1 |       ||     1
         Receive Armour    |       |       |       |       |     1 |       ||     1
         Finesse           |       |       |       |       |     7 |     3 ||    10
    Use: Scroll            |       |       |    22 |     7 |    10 |     4 ||    43
         Potion            |       |       |     5 |     1 |     2 |     5 ||    13
   Stab: Sleeping          |     1 |       |     1 |       |       |       ||     2
         Held in net/web   |       |     1 |     1 |       |       |       ||     2
         Distracted        |       |     1 |       |       |     1 |       ||     2
 Armour: Leather armour    |    21 |    48 |   111 |       |       |       ||   180
         Chain mail        |       |       |    39 |   316 |   134 |       ||   489
         Crystal plate arm |       |       |       |       |   511 |   463 ||   974
  Dodge: Dodged            |    74 |    74 |   205 |   651 |   979 |   527 ||  2510

Vanquished Creatures
  2 tentacled monstrosities (Swamp:4)
  2 fenstrider witches (Swamp:4)
  A fire giant (D:15)
  5 ghouls
  A broodmother (Lair:3)
  Nessos (Lair:3)
  A dire elephant (Lair:5)
  4 eleionomae
  6 bunyips
  A fire dragon (Lair:5)
  2 shambling mangroves
  14 hydras
  A radroach (Spider:1)
  2 ogre magi
  3 boulder beetles
  2 catoblepae
  3 ghost crabs
  15 alligators
  7 two-headed ogres
  10 death yaks (Lair:5)
  6 centaur warriors
  2 tengu warriors
  A demonic crawler (Lair:3)
  2 occultists (Swamp:4)
  3 orc high priests (Orc:2)
  2 soul eaters (Swamp:4)
  A spriggan berserker (Swamp:4)
  A skyshark (Lair:2)
  4 goliath frogs
  2 sixfirhies (Swamp:4)
  A pharaoh ant (Lair:3)
  A skeletal warrior (D:13)
  6 spriggan druids
  A death drake (Swamp:4)
  6 swamp dragons
  9 bog bodies
  A lindwurm (Lair:5)
  3 obsidian bats (Orc:2)
  5 orc knights
  A deep elf pyromancer (D:11)
  3 oklob plants
  9 orc sorcerers
  10 ugly things
  2 wolf spiders (Spider:1)
  A will-o-the-wisp (Lair:2)
  3 meliai (Lair:3)
  3 cyclopes
  10 elephants
  6 manticores
  6 black mambas
  4 kobold blastminers
  11 cane toads
  8 spectral spriggans (Swamp:2)
  4 centaur skeletons (D:13)
  A gargoyle (Bailey)
  A kobold demonologist (D:13)
  9 rime drakes
  15 komodo dragons
  An unseen horror (D:12)
  2 freezing wraiths (Swamp:2)
  A queen bee (D:9)
  A bloated husk (Swamp:4)
  A troll (shapeshifter) (D:13)
  A queen bee (shapeshifter) (Spider:1)
  3 polar bears
  11 trolls
  2 hellwings
  7 tyrant leeches
  8 hornets
  2 tarantellas (Lair:3)
  A jumping spider (Lair:3)
  24 blink frogs
  2 dream sheep (Lair:5)
  A shadow (D:11)
  8 spriggans
  2 vampires
  3 slime creatures (D:12)
  A culicivora (Spider:1)
  3 wraiths
  5 wyverns
  31 yaks
  4 basilisks
  3 redbacks (Lair:3)
  4 steam dragons
  5 chaos spawn (Swamp:4)
  13 water moccasins
  14 swamp worms
  4 acid dragons
  15 orc warriors
  An ice beast (D:6)
  3 black bears
  7 centaurs
  A tengu (shapeshifter) (D:14)
  4 ogres
  18 wolves
  9 kobold brigands
  2 scorpions (D:4)
  10 bullfrogs
  10 wights
  24 killer bees (D:9)
  9 wolf zombies (Bailey)
  6 vampire bats (Bailey)
  An electric eel (Lair:1)
  3 jellies
  14 orc priests
  2 bombardier beetles
  A hound (D:5)
  2 gnoll boudas
  Crazy Yiuf (D:5)
  A sleepcap (D:6)
  6 iguanas
  25 orc wizards
  13 gnolls
  10 adders
  4 white imps
  2 ufetubi (D:6)
  3 dart slugs
  A ribbon worm (D:3)
  59 orcs
  12 ball pythons
  7 endoplasms
  7 giant cockroaches
  8 goblins
  6 hobgoblins
  5 jackals
  24 kobolds
  3 quokkas
  3 bats
  2 frilled lizards (D:2)
  21 orc zombies (Bailey)
  5 rats
785 creatures vanquished.

Vanquished Creatures (others)
  An alligator (Swamp:4)
  6 bloated husks
  A swamp worm (Swamp:4)
  An ice beast (D:6)
  A centaur (D:13)
  A scorpion (Lair:3)
  2 orc wizards
  4 foxfires (Lair:2)
17 creatures vanquished.

Grand Total: 802 creatures vanquished
